 Dungeon Crawl Stone Soup version 0.28-b1-25-g9875b3fc8c (webtiles) character file.

Game seed: 12954542265973437298

272 crazypyro the Skirmisher (level 6, -25/55 HPs)
             Began as a Minotaur Fighter on Feb 2, 2022.
             Was a Believer of Makhleb.
             Killed from afar by an orc (39 damage)
             ... with a bolt of acid
             ... on level 3 of the Dungeon.
             The game lasted 00:02:39 (2891 turns).

crazypyro the Skirmisher (Minotaur Fighter)         Turns: 2891, Time: 00:02:40

Health: -25/55     AC:  2    Str: 23    XL:     6   Next: 2%
Magic:  6/6        EV:  8    Int:  5    God:    Makhleb [**....]
Gold:   135        SH:  4    Dex:  9    Spells: 5/5 levels left

rFire   . . .      SeeInvis .   m - +0 war axe
rCold   . . .      Faith    .   c - +0 buckler
rNeg    . . .      Spirit   .   g - +0 chain mail
rPois   .          Reflect  .   (helmet restricted)
rElec   .          Harm     .   (no cloak)
rCorr   .          Rampage  .   i - +0 pair of gloves
Will    +....                   (no boots)
Stlth   ..........              (no amulet)
HPRegen 0.18/turn               f - ring of willpower
MPRegen 0.10/turn               (no ring)

@: corroded
A: horns 2, retaliatory headbutt
a: Renounce Religion, Minor Destruction


You were on level 3 of the Dungeon.
You worshipped Makhleb.
Makhleb was pleased with you.
You visited 1 branch of the dungeon, and saw 3 of its levels.

You collected 135 gold pieces.

Inventory:

Hand Weapons
 a - a +0 flail
 m - a +0 war axe (weapon)
Armour
 b - a +0 scale mail
 c - a +0 buckler (worn)
 g - a +0 chain mail (worn)
 i - a +0 pair of gloves (worn)
Jewellery
 f - a ring of willpower (left hand)
Scrolls
 d - 2 scrolls of enchant armour {unknown}
 h - a scroll of amnesia {unknown}
 k - 4 scrolls of enchant weapon {unknown}
 l - a scroll of brand weapon {unknown}
 o - a scroll of identify {unknown}
 p - a scroll of magic mapping {unknown}
Potions
 e - a potion of lignification
 j - 3 potions of curing {unknown}
 n - a potion of invisibility {unknown}


   Skills:
 + Level 4.8 Fighting
 * Level 3.3(3.8) Axes
 - Level 2.7(3.5) Maces & Flails
 + Level 4.6 Armour
 + Level 1.6 Dodging
 + Level 4.7 Shields
 + Level 1.4 Invocations


You had 5 spell levels left.
You didn't know any spells.
Your spell library contained the following spells:

 Spells                   Type           Power      Damage    Failure   Level
 Magic Dart               Conj           0%         1d3       99%         1
 Call Imp                 Summ           0%         N/A       100%        2
 Mephitic Cloud           Conj/Pois/Air  0%         N/A       100%        3


Dungeon Overview and Level Annotations

Branches:
Dungeon (3/15)

Altars:
Makhleb
Uskayaw


Innate Abilities, Weirdness & Mutations

You have a pair of horns on your head.
You reflexively headbutt those who attack you in melee.


Message History

An orc comes into view. It is wielding a +0 hand axe.
You hit the orc.
You kill the orc!
Makhleb accepts your kill.
An orc comes into view.
It is wielding a +0 hand axe and carrying a wand of acid (6).
The orc shouts!
The orc zaps a wand.
The bolt of acid hits the orc!!
The acid corrodes the orc!
The orc dies!
The bolt of acid misses you.
You see here a +0 club.
Things that are here:
a +0 hand axe; a +0 leather armour You hit the orc.
The orc is heavily wounded.
An orc comes into view. It is wielding a +4 short sword.
The orc zaps a wand.
The bolt of acid hits you. The acid corrodes you!
You hit the orc but do no damage.
The orc is heavily wounded.
The orc hits you but does no damage.
You barely miss the orc.
The orc is heavily wounded.
The orc hits you with a +0 hand axe.
The orc zaps a wand.
The bolt of acid hits you!!
Ouch! That really hurt!
The acid corrodes you!
You are too injured to fight recklessly!
You are too injured to fight recklessly!
You hit the orc but do no damage. You headbutt the orc.
The orc is heavily wounded.
The orc hits you with a +0 hand axe.
* * * LOW HITPOINT WARNING * * *
You hit the orc but do no damage. You headbutt the orc, but do no damage.
The orc is heavily wounded.
The orc hits you with a +0 hand axe.
* * * LOW HITPOINT WARNING * * *
You hit the orc. Your headbutt misses the orc.
The orc is severely wounded.
The orc zaps a wand.
The bolt of acid hits you!!!
Ouch! That really hurt!
You die...

# #...# #.# #.
#.####.#.###.###.
##..........†.....
#......8.8.8..#..†
..##.........##.#.
#.##.........##.#.
#o##..#........... #o#
#.#_)....##.## #@#
#.#......##.# #)#
#.........#.# #)#
#........)..#
#.####.8.8.8.##.# ##
#............##.# .#
########.###...#######.#
.# .........# ##### .#
########.# .# #... ..#


You could see 2 orcs.

Vanquished Creatures
  A water moccasin (D:3)
  Natasha (D:3)
  2 orc wizards (D:3)
  An adder (D:2)
  2 worms
  2 dart slugs (D:2)
  8 orcs (D:3)
  10 endoplasms
  A giant cockroach (D:1)
  2 goblins (D:2)
  11 hobgoblins
  4 quokkas
  4 ball pythons (D:1)
  4 bats (D:2)
  5 frilled lizards
  3 kobolds
  4 rats (D:2)
65 creatures vanquished.

Vanquished Creatures (others)
  An orc (D:3)
1 creature vanquished.

Grand Total: 66 creatures vanquished

Notes
Turn   | Place    | Note
-------+----------+-------------------------------------------
     0 | D:1      | crazypyro the Minotaur Fighter began the quest for the Orb.
     0 | D:1      | Reached XP level 1. HP: 19/19 MP: 0/0
   134 | D:1      | Found a faded altar of an unknown god.
   281 | D:1      | Prayed at the altar of an unknown god.
   281 | D:1      | Became a worshipper of Makhleb the Destroyer
   281 | D:1      | Reached * piety under Makhleb
   433 | D:1      | Reached XP level 2. HP: 23/27 MP: 1/1
  1115 | D:1      | Reached skill level 1 in Axes
  1257 | D:2      | Reached XP level 3. HP: 4/33 MP: 2/2
  1258 | D:2      | HP: 2/49 [poisoned by an adder]
  1721 | D:2      | Reached ** piety under Makhleb
  2535 | D:3      | Reached XP level 4. HP: 41/41 MP: 3/3
  2759 | D:3      | Noticed a water moccasin
  2768 | D:3      | Killed a water moccasin
  2769 | D:3      | Reached skill level 1 in Dodging
  2769 | D:3      | Reached skill level 1 in Invocations
  2769 | D:3      | Reached XP level 5. HP: 45/47 MP: 4/4
  2809 | D:3      | Noticed Natasha
  2812 | D:3      | Killed Natasha
  2816 | D:3      | Reached XP level 6. HP: 53/55 MP: 4/6
  2841 | D:3      | Found a hide-covered altar of Uskayaw.
  2891 | D:3      | Killed from afar by an orc

Illustrated notes

Levels and vault maps discovered:
D:1:      elethiomel_arrival_quiet, layout_loops_ring,
          nicolae_ecumenical_lake_church
D:2:      cheibrodos_old_hovel, layout_basic
D:3:      minmay_evil_eye, layout_loops_ring, eat_drink_and_be_merry_uskayaw,
          wad_orctagon, uniq_jessica, uniq_natasha

Skill      XL: |  1  2  3  4 |
---------------+-------------+-----
Shields        | 4 |  4.7
Fighting       | 4 |  4.8
Axes           | 1 3 |  3.3
Armour         | 4 |  4.6
Dodging        | 1 |  1.6
Invocations    | 1 |  1.4
Maces & Flails | |  2.7

Action                   |  1- 3 |  4- 6 || total
-------------------------+-------+-------++-------
Melee: Flail             |   112 |    17 ||   129
       Headbutt          |    18 |     9 ||    27
       War axe           |       |    40 ||    40
  Use: Potion            |     3 |       ||     3
Armor: Scale mail        |    29 |       ||    29
       Skin              |     2 |       ||     2
       Chain mail        |    29 |    33 ||    62
Dodge: Dodged            |    35 |    13 ||    48
Block: Buckler           |    25 |    10 ||    35
